 Dungeon Crawl Stone Soup version 0.22.1-1-ga44c0e5 (webtiles) character file.

224 eccles the Cudgeler (level 5, -1/49 HPs)
             Began as a Troll Warper on Oct 12, 2018.
             Slain by a worker ant (3 damage)
             ... on level 2 of the Dungeon on Oct 15, 2018.
             The game lasted 00:16:54 (2109 turns).

eccles the Cudgeler (Troll Warper)                  Turns: 2109, Time: 00:16:55

Health: -1/49      AC:  5    Str: 19    XL:     5   Next: 67%
Magic:  7/7        EV: 10    Int: 10    God:
Gold:   118        SH:  0    Dex:  9    Spells: 6/8 levels left

rFire    . . .     SeeInvis .   a - +0 mace
rCold    . . .     Gourm    +   (no shield)
rNeg     . . .     Faith    .   b - +0 robe
rPois    .         Spirit   .   (helmet restricted)
rElec    .         Reflect  .   (no cloak)
rCorr    .         Harm     .   (gloves unavailable)
MR       .....                  (boots unavailable)
Stlth    +.........             (no amulet)
HPRegen  0.56/turn              (no ring)
MPRegen  0.10/turn              (no ring)

@: lethally poisoned (-1 -> -1), slowed, very slow
A: large, unfitting armour, claws 3, fast metabolism 3, gourmand, regeneration
1, shaggy fur 1, tough skin 2
a: no special abilities


You were on level 2 of the Dungeon.
You were very full.

You visited 1 branch of the dungeon, and saw 3 of its levels.

You collected 118 gold pieces.

Inventory:

Hand Weapons
 a - a +0 mace (weapon)
Armour
 b - a +0 robe (worn)
Scrolls
 d - a scroll of blinking
 h - a scroll of magic mapping {unknown}
 i - 5 scrolls of remove curse
 j - 2 scrolls of enchant weapon {unknown}
 l - a scroll of enchant armour {unknown}
 n - 2 scrolls of teleportation
 s - a scroll of fear {unknown}
 u - a scroll of immolation {unknown}
Potions
 c - 2 potions of brilliance
 e - a potion of might {unknown}
 g - 2 potions of heal wounds
 k - a potion of mutation {unknown}
 m - a potion of ambrosia {unknown}
 o - 3 potions of resistance
 q - a potion of invisibility {unknown}
 t - a potion of curing {unknown}
Comestibles
 f - 5 rations
 p - a chunk of flesh


   Skills:
 + Level 1.9 Fighting
 * Level 3.8 Maces & Flails
 + Level 1.1 Throwing
 + Level 2.9 Dodging
 + Level 0.3 Stealth
 * Level 2.0 Spellcasting
 + Level 2.2 Translocations


You had 6 spell levels left.
You knew the following spells:

 Your Spells              Type           Power        Failure   Level  Hunger
a - Blink                 Tloc           N/A          19%         2    ###....

Your spell library contained the following spells:

 Spells                   Type           Power        Failure   Level  Hunger
 Shroud of Golubria       Chrm/Tloc      #.........   30%         2    ###....
 Gell's Gravitas          Tloc           #.........   36%         3    ####...
 Lesser Beckoning         Tloc           #.........   36%         3    ####...
 Teleport Other           Tloc           #.......     36%         3    ####...
 Passage of Golubria      Tloc           N/A          77%         4    #####..


Dungeon Overview and Level Annotations

Branches:
Dungeon (3/15)

Altars:
Ashenzari
Gozag
Yredelemnul

Annotations:
D:2 Natasha
D:3 Sigmund


Innate Abilities, Weirdness & Mutations

You are too large for most types of armour.
You have claws for hands.
Your metabolism is lightning-fast.
You like to eat raw meat.
Your natural rate of healing is unusually fast.
You are covered in fur. (AC +1)
You have very tough skin. (AC +2)


Message History

The crimson imp hits you.
* * * LOW HITPOINT WARNING * * *
You feel sick.
The iron imp disappears in a puff of smoke!
The crimson imp blinks!
Natasha wildly gestures.
Natasha's front paws start to glow.
The worker ant bites you.
* * * LOW HITPOINT WARNING * * *
The crimson imp hits you but does no damage.
You feel sick.
The crimson imp disappears in a puff of smoke!
The worker ant bites you but does no damage.
Natasha wildly gestures.
Natasha glows brightly for a moment.
You feel sick. The worker ant bites you.
* * * LOW HITPOINT WARNING * * *
There is a stone staircase leading down, spattered with blood here.
The worker ant bites you.
You die...

##.# #...#####...# #.# ##.#
##.## #...#########.# ##.#
##.# #..........##.# ...#
#..# #..#####.#.##.## ####
#.## ##..#####.#)#...#### #.#
#......5......#..... ##.####
#...#####.#.#...###. #.....#
#..............## #.
######.....###..@###h###.####
#. ...............ha# #a# #.#
#. ######.....###)#.# #.# #.#
#. ######.....# #.#.###.# #.#
####.
..........####.......###.
#....
##.......................#
#.###
##.#####.#####.########## #.#
#.# #.# #.# #.## #.# #.# #.#
#..#


You could see a worker ant and Natasha.

Vanquished Creatures
  Terence (D:2)
  Jessica (D:2)
  Natasha (twice) (D:2)
  6 adders
  A worm (D:2)
  2 dart slugs (D:1)
  5 leopard geckos
  An orc (D:3)
  2 giant cockroaches
  3 goblins
  7 hobgoblins
  5 jackals
  6 kobolds
  5 bats
  4 frilled lizards
  7 rats
58 creatures vanquished.

Notes
Turn   | Place    | Note
-------+----------+-------------------------------------------
     0 | D:1      | eccles the Troll Warper began the quest for the Orb.
     0 | D:1      | Reached XP level 1. HP: 19/19 MP: 1/1
     2 | D:1      | Noticed a halfling
     2 | D:1      | Noticed an octopode
     8 | D:1      | Noticed a draconian
     8 | D:1      | Noticed a demonspawn
    10 | D:1      | Noticed a human
    10 | D:1      | Noticed a gargoyle
    12 | D:1      | Noticed a merfolk
    12 | D:1      | Noticed a vine stalker
    14 | D:1      | Noticed a formicid
    16 | D:1      | Noticed an ogre
    16 | D:1      | Noticed a dwarf
    18 | D:1      | Noticed a centaur
    18 | D:1      | Noticed an elf
    20 | D:1      | Noticed a vampire
    22 | D:1      | Noticed a tengu
    24 | D:1      | Noticed a troll
    26 | D:1      | Noticed a spriggan
    26 | D:1      | Noticed a demigod
    28 | D:1      | Noticed a minotaur
    28 | D:1      | Noticed a felid
    30 | D:1      | Noticed a ghoul
    30 | D:1      | Noticed a naga
   129 | D:1      | Reached XP level 2. HP: 25/27 MP: 1/3
   286 | D:1      | Reached skill level 1 in Throwing
   606 | D:1      | Reached skill level 2 in Maces & Flails
   610 | D:1      | Reached XP level 3. HP: 25/33 MP: 4/4
   661 | D:1      | Learned a level 2 spell: Blink
   863 | D:2      | Found a shattered altar of Ashenzari.
   885 | D:2      | Noticed Terence
   970 | D:2      | Killed Terence
  1001 | D:2      | Noticed Jessica
  1015 | D:2      | Killed Jessica
  1015 | D:2      | Reached XP level 4. HP: 42/42 MP: 5/5
  1079 | D:2      | Noticed Natasha
  1094 | D:2      | Killed Natasha
  1094 | D:2      | Reached skill level 3 in Maces & Flails
  1131 | D:2      | Found a basalt altar of Yredelemnul.
  1153 | D:2      | Reached XP level 5. HP: 21/49 MP: 6/6
  1325 | D:2      | Found an opulent altar of Gozag.
  1555 | D:2      | Noticed Natasha
  1569 | D:2      | Killed Natasha
  1796 | D:3      | Noticed Sigmund
  1818 | D:3      | HP: 1/49 [something/puff of flame (12)]
  2026 | D:3      | Noticed Natasha
  2108 | D:2      | HP: 2/49 [worker ant (6)]
  2109 | D:2      | Slain by a worker ant

Skill      XL: |  1  2  3  4  5 |
---------------+----------------+-----
Dodging        | 2 |  2.9
Throwing       | 1 |  1.1
Maces & Flails | 2 3 |  3.8
Spellcasting   | 2 |  2.0
Fighting       | |  1.9
Stealth        | |  0.3
Translocations | |  2.2

Action                   |  1- 3 |  4- 6 || total
-------------------------+-------+-------++-------
Melee: Mace              |   124 |   127 ||   251
Throw: Tomahawk          |     5 |       ||     5
 Cast: Blink             |       |     1 ||     1
  Use: Scroll            |       |     6 ||     6
  Eat: Chunk             |     5 |    17 ||    22
       Ration            |     1 |       ||     1
Armor: Robe              |    44 |    66 ||   110
Dodge: Dodged            |    73 |   105 ||   178
